 Dungeon Crawl Stone Soup version 0.26.1-11-gd32895ea62 (webtiles) character file.

Game seed: 15166044531210416391

346 vvl the Stinger (level 6, -1/36 HPs)
             Began as an Octopode Venom Mage on July 14, 2021.
             Slain by a gnoll
             ... wielding a +0 halberd
              (17 damage)
             ... on level 3 of the Dungeon.
             The game lasted 00:06:53 (2605 turns).

vvl the Stinger (Octopode Venom Mage)               Turns: 2605, Time: 00:06:54

Health: -1/36      AC:  1    Str:  9    XL:     6   Next: 59%
Magic:  2/11       EV: 13    Int: 18    God:
Gold:   74         SH:  0    Dex: 12    Spells: 11/12 levels left

rFire    . . .     SeeInvis .   i - +0 short sword
rCold    . . .     Faith    .   (no shield)
rNeg     . . .     Spirit   .   (helmet restricted)
rPois    .         Reflect  .   (no amulet)
rElec    .         Harm     .   (no ring)
rCorr    .         Rampage  .   (no ring)
Will     .....                  (no ring)
Stlth    +++.......             (no ring)
HPRegen  0.12/turn              (no ring)
MPRegen  0.12/turn              (no ring)
                                (no ring)
                                (no ring)

@: no status effects
A: almost no armour, stealthy swim, amphibious, 8 rings, constrict 8, camouflage
1, gelatinous body 1
a: no special abilities


You were on level 3 of the Dungeon.
You visited 1 branch of the dungeon, and saw 3 of its levels.

You collected 74 gold pieces.

Inventory:

Hand Weapons
 i - a +0 short sword (weapon)
Jewellery
 k - a +6 ring of strength {unknown}
Scrolls
 a - 5 scrolls of identify {unknown}
 b - 3 scrolls of remove curse {unknown}
 e - a scroll of immolation {unknown}
 g - 2 scrolls of enchant armour {unknown}
 j - a scroll of magic mapping {unknown}
 m - a scroll of teleportation {unknown}
 n - a scroll of amnesia {unknown}
Potions
 c - 2 potions of berserk rage {unknown}
 d - a potion of ambrosia {unknown}
 f - a potion of cancellation {unknown}
 h - a potion of curing {unknown}
 l - 2 potions of mutation {unknown}


   Skills:
 + Level 0.2 Fighting
 - Level 2.0 Dodging
 - Level 2.6 Stealth
 + Level 3.8 Spellcasting
 * Level 0.6 Necromancy
 + Level 1.1 Transmutations
 + Level 0.4 Earth Magic
 + Level 7.1 Poison Magic


You had 11 spell levels left.
You knew the following spells:

 Your Spells              Type           Power        Failure   Level
a - Sting                 Tmut/Pois      72%          2%          1

Your spell library contained the following spells:

 Spells                   Type           Power        Failure   Level
 Poisonous Vapours        Pois/Air       32%          5%          2
 Olgreb's Toxic Radiance  Pois           29%          8%          4
 Ignite Poison            Fire/Tmut/Pois 13%          14%         3
 Mephitic Cloud           Conj/Pois/Air  12%          17%         3


Dungeon Overview and Level Annotations

Branches:
Dungeon (3/15)

Altars:
Cheibriados


Innate Abilities, Weirdness & Mutations

You cannot wear most types of armour.
You are very stealthy in the water. (Stealth+)
You are amphibious.
You can wear up to eight rings at the same time.
You can use your tentacles to constrict eight enemies at once.
Your skin changes colour to match your surroundings (Stealth+).
Your rubbery body absorbs attacks. (AC +1, EV +1)


Message History

You see here a stone.
Casting: Sting (safe; 2% risk of failure)
Confirm with . or Enter, or press ? or * to list all spells.
Aiming: Sting (safe; 2% risk of failure)
Press: ? - help, Shift-Dir - straight line, f/p - gnoll
Aim: a gnoll, wielding a +0 halberd and wearing a +0 leather armour (almost dead, poisoned, 23% to evade)
The sting hits the gnoll but does no damage.
The gnoll looks even sicker.
The gnoll is almost dead.
The gnoll barely misses you.
Casting: Sting (safe; 2% risk of failure)
Confirm with . or Enter, or press ? or * to list all spells.
Aiming: Sting (safe; 2% risk of failure)
Press: ? - help, Shift-Dir - straight line, f/p - gnoll
Aim: a gnoll, wielding a +0 halberd and wearing a +0 leather armour (almost dead, very poisoned, 23% to evade)
The sting hits the gnoll but does no damage.
The gnoll looks even sicker.
The gnoll is almost dead.
The gnoll hits you with a +0 halberd!
You die...

#.†(# #.####.#..#
##..# #.#.....#.#
#..# #..#.####)#
#..# ######†#†.#
#..# #.#.....#.#
##>######..#.######
#......#.####
#g####...# #.###@#
##### #.....#
#######


You could see a gnoll (very poisoned).

Vanquished Creatures
  Sigmund (D:2)
  Natasha (thrice) (D:2)
  2 gnolls (D:3)
  3 adders
  2 oozes (D:2)
  4 worms
  2 dart slugs (D:2)
  A leopard gecko (D:2)
  2 orcs (D:3)
  A ball python (D:2)
  A giant cockroach (D:3)
  5 goblins
  4 hobgoblins
  5 bats
  5 frilled lizards
  3 kobolds
  6 rats
50 creatures vanquished.

Notes
Turn   | Place    | Note
-------+----------+-------------------------------------------
     0 | D:1      | vvl the Octopode Venom Mage began the quest for the Orb.
     0 | D:1      | Reached XP level 1. HP: 11/11 MP: 3/3
   198 | D:1      | Reached skill level 4 in Poison Magic
   241 | D:1      | Reached XP level 2. HP: 17/17 MP: 1/5
   431 | D:1      | You fall into a shaft and drop 1 floor!
   445 | D:2      | Noticed Sigmund
   466 | D:2      | Killed Sigmund
   467 | D:2      | Reached skill level 6 in Poison Magic
   467 | D:2      | Reached XP level 3. HP: 3/21 MP: 0/7
   467 | D:2      | Reached XP level 4. HP: 4/27 MP: 0/9
   467 | D:2      | Reached XP level 5. HP: 4/31 MP: 0/10
   961 | D:2      | Noticed Natasha
   969 | D:2      | Killed Natasha
  1126 | D:2      | Noticed Natasha
  1136 | D:2      | Found a snail-covered altar of Cheibriados.
  1166 | D:2      | Killed Natasha
  1167 | D:2      | Reached XP level 6. HP: 12/36 MP: 6/11
  1529 | D:2      | Noticed Natasha
  1547 | D:2      | Killed Natasha
  1568 | D:2      | Reached skill level 7 in Poison Magic
  2605 | D:3      | Slain by a gnoll

Illustrated notes

Levels and vault maps discovered:
D:1:      co_arrival_random_square_maze, layout_loops_cross
D:2:      layout_rooms, kennysheep_slug_shrine, serial_co_window_serial,
          co_window_corner_a, co_window_paths_b, co_window_cross_1,
          co_window_corner_a, co_window_corner_a, co_window_paths_a,
          co_window_corner_a, co_window_broadway_c, co_window_corner_ca,
          co_window_broadway_c, co_window_2corner, co_window_corner_b,
          co_window_4corner_a, glass_columns_b, glass_columns_b,
          glass_columns_b, uniq_sigmund, uniq_natasha
D:3:      minmay_angry_zag, layout_basic, old_standard_altar,
          gammafunk_ghost_split, grunt_ministairs_14

Skill      XL: |  1  2  3  4  5  6 |
---------------+-------------------+-----
Poison Magic   | 4 6 7 |  7.1
Spellcasting   | 3 |  3.8
Fighting       | |  0.2
Dodging        | |  2.0
Stealth        | |  2.6
Necromancy     | |  0.6
Transmutations | |  1.1
Earth Magic    | |  0.4

Action                   |  1- 3 |  4- 6 || total
-------------------------+-------+-------++-------
Melee: Unarmed           |    24 |    13 ||    37
       Constrict         |     8 |    10 ||    18
       Tentacles         |     4 |    14 ||    18
       Short sword       |       |    37 ||    37
 Cast: Sting             |    11 |    47 ||    58
 Stab: Sleeping          |     2 |     1 ||     3
       Distracted        |     1 |       ||     1
Armor: Skin              |     1 |     7 ||     8
Dodge: Dodged            |    20 |    40 ||    60
